Map: Honorgrounds LE

Players

Optimus

  • Race: Terran Terran
  • Spawn Location: 1:00

Dayshi - Winner!

  • Race: Terran Terran
  • Spawn Location: 11:00

Event: IEM XI Katowice - World Championship 2017

VOD

Have the link to the VOD?

Description

Time

  • Played on: Feb. 27, 2017, 8:20 a.m.
  • Length: 4:37

All games in this series

Show
View Real Time Build Order
Export as new Build Order

Optimus Terran 

Build Orders: 1/1/1, Cyclone Opening 

Get SALT Encoding   

  12  0:00  SCV  
  13  0:12  SCV  
  14  0:17  Supply Depot  
  14  0:24  SCV  
  15  0:29  Refinery  
  15  0:39  SCV  
  16  0:45  Barracks  
  16  0:51  SCV  
  16  0:56  Refinery  
  17  1:03  SCV  
  18  1:15  SCV  
  19  1:27  SCV  
  19  1:32  Reaper  
  21  1:34  Factory  
  21  1:42  Orbital Command  
  21  1:52  Supply Depot  
  21  2:04  Reaper  
  21  2:08  SCV  
  23  2:18  Cyclone  
  26  2:25  Starport  
  26  2:29  SCV  
  27  2:36  Reaper  
  28  2:39  Supply Depot  
  28  2:47  SCV  
  29  3:01  Cyclone  
  29  3:03  Supply Depot  
  32  3:17  Reaper  
  32  3:19  Viking  
  34  3:22  SCV  
  35  3:35  Hellion  
  35  3:36  SCV  
  38  3:48  Command Center  
  38  3:49  Starport Tech Lab  
  38  3:52  Barracks Reactor  
  38  3:55  SCV  
  39  4:00  Supply Depot  
  39  4:02  Factory Tech Lab  
  39  4:07  SCV  
Show
View Real Time Build Order
Export as new Build Order

Dayshi Terran - Winner!

Build Orders: 1/1/1, Cyclone Opening 

Get SALT Encoding   

  12  0:00  SCV  
  13  0:12  SCV  
  14  0:18  Supply Depot  
  14  0:25  SCV  
  15  0:29  Refinery  
  15  0:40  SCV  
  16  0:45  Barracks  
  16  0:52  SCV  
  17  0:57  Refinery  
  17  1:04  SCV  
  18  1:16  SCV  
  19  1:32  Orbital Command  
  19  1:33  Reaper  
  19  1:37  Factory  
  20  1:45  Supply Depot  
  20  1:57  SCV  
  21  2:05  Reaper  
  22  2:09  SCV  
  23  2:21  Hellion  
  26  2:22  SCV, Starport  
  26  2:35  SCV  
  27  2:38  Barracks Tech Lab  
  27  2:39  Supply Depot  
  27  2:42  Cyclone  
  30  2:47  SCV  
  31  3:01  SCV  
  31  3:05  Cloaking Field, Banshee  
  32  3:08  Supply Depot  
  35  3:22  Cyclone  
  35  3:25  Supply Depot, SCV  
  38  3:34  Barracks Reactor  
  38  3:37  SCV  
  38  3:51  Banshee  
  41  4:00  Command Center  
  41  4:02  Factory Tech Lab  
  41  4:11  Supply Depot  
  41  4:14  Marine x2  
  41  4:15  SCV  

Tags
 
Add a new tag
Caveats
  • Supply blocks, unpowered buildings, or Contaminate may cause inaccurate times.
  • Supply counts are checked every 10 seconds.